 Dungeon Crawl Stone Soup version 0.22-a0-142-g91cc6d7 (webtiles) character file.

25 Azzok the Vexing (level 2, -7/15 HPs)
             Began as a Deep Elf Enchanter on Feb 5, 2018.
             Killed from afar by Natasha (11 damage)
             ... with a magic dart
             ... on level 2 of the Dungeon.
             The game lasted 00:03:02 (2042 turns).

Azzok the Vexing (Deep Elf Enchanter)               Turns: 2042, Time: 00:03:03

Health: -7/15      AC:  2    Str:  5    XL:     2   Next: 86%
Magic:  0/8        EV: 13    Int: 19    God:
Gold:   160        SH:  0    Dex: 15    Spells: 5/8 levels left

rFire    . . .     SeeInvis .   a - +1 dagger
rCold    . . .     Gourm    .   (no shield)
rNeg     . . .     Faith    .   b - +0 robe
rPois    .         Spirit   .   (no helmet)
rElec    .         Reflect  .   (no cloak)
rCorr    .         Harm     .   (no gloves)
MR       .....                  (no boots)
Stlth    ++........             (no amulet)
HPRegen  0.05/turn              (no ring)
MPRegen  0.11/turn              (no ring)

@: no status effects
A: no striking features
a: no special abilities


You were on level 2 of the Dungeon.
You were not hungry.

You visited 1 branch of the dungeon, and saw 2 of its levels.

You collected 160 gold pieces.

Inventory:

Hand Weapons
 a - a +1 dagger (weapon)
Armour
 b - a +0 robe (worn)
Scrolls
 f - a scroll of magic mapping {unknown}
 g - 2 scrolls of blinking {unknown}
 h - a scroll of teleportation {unknown}
 i - a scroll of noise {unknown}
 j - a scroll of identify {unknown}
 m - a scroll of fog {unknown}
Potions
 e - a potion of resistance {unknown}
 k - a potion of magic {unknown}
 l - a potion of lignification {unknown}
Books
 c - a book of Maledictions

   Spells                             Type                      Level
   a - Corona                         Hexes                        1
   b - Ensorcelled Hibernation        Hexes/Ice                    2
   c - Confuse                        Hexes                        3
   d - Tukima's Dance                 Hexes                        3
   e - Dazzling Spray                 Conjuration/Hexes            3
Comestibles
 d - a ration
 n - 2 chunks of flesh


   Skills:
 + Level 1.8 Short Blades
 - Level 2.4 Dodging
 - Level 3.6 Stealth
 + Level 3.6 Spellcasting
 + Level 4.5 Hexes


You had 5 spell levels left.
You knew the following spells:

 Your Spells              Type           Power        Failure   Level  Hunger
a - Corona                Hex            ###....      2%          1    None
b - Ensorcelled Hibernat  Hex/Ice        ##....       9%          2    ##.....


Dungeon Overview and Level Annotations

Branches:
Dungeon (2/15)

Altars:
Cheibriados

Annotations:
D:2 Natasha


Message History

Aim: Natasha (chance to defeat MR: 43%) Natasha resists with some effort.
Natasha casts a spell.
Casting: Ensorcelled Hibernation (safe; 9% risk of failure)
Confirm with . or Enter, or press ? or * to list all spells.
Aiming: Ensorcelled Hibernation (safe; 9% risk of failure)
Press: ? - help, Shift-Dir - straight line, f/p - Natasha
Aim: Natasha (chance to defeat MR: 43%) Natasha resists with some effort.
* * * LOW MAGIC WARNING * * *
Natasha mumbles some strange words.
Natasha shimmers violently.
Natasha casts a spell at you. The magic dart hits you!
Ouch! That really hurt!
* * * LOW HITPOINT WARNING * * *
Natasha casts a spell at you. The magic dart hits you!
Ouch! That really hurt!
You die...

▒▒▒▒▒▒▒ ▒▒▒▒ ··! ▒
▒·· ▒ ▒· ▒··▒ ····
··▒·▒ ▒··▒▒▒ ▒▒▒
·▒····▒▒···5
··········!▒ ▒▒▒
·······w··h▒ ··▒▒▒
>·········@▒ ····
···········▒▒▒▒··
··▒
··················
·▒
··················
·▒
········▒··▒▒▒▒··▒
·▒ ···▒·▒▒·▒··▒ ·▒
·▒▒ ▒·▒▒····▒▒▒▒·
▒·▒▒▒▒▒
▒·)··········
▒▒····▒
▒▒▒▒▒···▒▒▒▒


You could see a worm, Natasha and a crimson imp.

Vanquished Creatures
  An orc (D:2)
  A bat (D:1)
  2 giant cockroaches (D:1)
  3 goblins
  4 hobgoblins
  2 jackals (D:1)
  3 kobolds (D:1)
  A ball python (D:2)
  A frilled lizard (D:1)
  3 rats (D:1)
21 creatures vanquished.

Notes
Turn   | Place    | Note
-------+----------+-------------------------------------------
     0 | D:1      | Azzok the Deep Elf Enchanter began the quest for the Orb.
     0 | D:1      | Reached XP level 1. HP: 10/10 MP: 6/6
   942 | D:1      | Reached XP level 2. HP: 6/15 MP: 6/8
   963 | D:1      | Learned a level 2 spell: Ensorcelled Hibernation
  1994 | D:2      | Found a snail-covered altar of Cheibriados.
  2032 | D:2      | Noticed Natasha
  2042 | D:2      | Noticed a crimson imp
  2042 | D:2      | Killed from afar by Natasha

Vault maps used:
D:1:      dpeg_arrival_radiant
D:2:      nicolae_overflow_hidden_temple, old_standard_altar, first_ration,
          uniq_natasha

Action                   || total
-------------------------++-------
Melee: Dagger            ||    69
 Cast: Corona            ||     6
       Ensorcelled Hiber ||    12
  Use: Scroll            ||     1
 Stab: Sleeping          ||    11
  Eat: Chunk             ||     4
Armor: Robe              ||    14
Dodge: Dodged            ||    43

Table legend:
 A = Spawn XP
 B = Non-spawn XP
 C = Spawn XP percentage of total XP
 D = Spawn monster count
 E = Non-spawn monster count
 F = Spawn count percentage of total count
 G = Total turns spent on level
                    A         B        C        D         E        F      G
               +---------+---------+-------+---------+---------+-------+---------
         Total |       0 |      37 |   0.0 |       0 |      21 |   0.0 |  2042
               +---------+---------+-------+---------+---------+-------+---------
           D:1 |       0 |      29 |   0.0 |       0 |      17 |   0.0 |  1834
           D:2 |       0 |       8 |   0.0 |       0 |       4 |   0.0 |   208
               +---------+---------+-------+---------+---------+-------+---------
